 Dungeon Crawl Stone Soup version 0.30-a0-870-gc5d4c5acee (webtiles) character file.

Game seed: 8294061549078457292

2263 fozzywoppz the Fighter (level 9, -7/60 HPs)
             Began as a Gargoyle Monk on Mar 10, 2023.
             Mangled by a yak (13 damage)
             ... on level 5 of the Dungeon on Mar 11, 2023.
             The game lasted 00:14:14 (5020 turns).

fozzywoppz the Fighter (Gargoyle Monk)              Turns: 5020, Time: 00:14:14

Health: -7/60      AC: 12    Str: 15    XL:     9   Next: 38%
Magic:  9/9        EV: 12    Int: 11    God:
Gold:   160        SH:  5    Dex: 16    Spells: 8/8 levels left

rFire   . . .      SeeInvis .      - Unarmed
rCold   . . .      Faith    .    l - +0 buckler
rNeg    + . .      Spirit   .    j - +2 robe {Will+}
rPois   ∞          Reflect  .    d - +0 helmet
rElec   +          Rampage  .    (no cloak)
rCorr   .                        f - +0 pair of gloves
Will    +....                    (no boots)
Stlth   ++                       (no amulet)
HPRegen 0.30/turn                (no ring)
MPRegen 0.11/turn                (no ring)

@: no status effects
A: sickness immunity, AC +6, negative energy resistance 1, electricity
resistance, torment resistance 1, petrification resistance
a: no special abilities


You were on level 5 of the Dungeon.
You visited 1 branch of the dungeon, and saw 5 of its levels.

You collected 160 gold pieces.

Inventory:

Hand Weapons
 i - a +1 mace of protection
Missiles
 p - 2 javelins (quivered)
Armour
 d - a +0 helmet (worn)
 f - a +0 pair of gloves (worn)
 j - a +2 robe of willpower (worn)
 l - a +0 buckler (worn)
Jewellery
 h - the ring "Dozualu" {rF++ Will+ MP+9 Dex-5 Stlth+}
   (You found it on level 5 of the Dungeon)

   [ring of willpower]

   Dex:       It affects your dexterity (-5).
   rF:        It greatly protects you from fire.
   MP:        It affects your magic capacity (+9).
   Will:      It increases your willpower.
   Stlth:     It makes you more stealthy.
Scrolls
 a - a scroll of fear {unknown}
 c - a scroll of magic mapping {unknown}
 g - 2 scrolls of identify
 n - a scroll of amnesia {unknown}
 o - a scroll of noise {unknown}
 r - a scroll of silence {unknown}
 s - a scroll of enchant armour {unknown}
Potions
 b - a potion of attraction
 k - a potion of mutation
 m - a potion of curing


   Skills:
 + Level 9.0 Fighting
 - Level 2.0 Armour
 - Level 3.0 Dodging
 - Level 3.0 Stealth
 - Level 5.0 Shields
 + Level 8.1 Unarmed Combat


You had 8 spell levels left.
You didn't know any spells.
Your spell library was empty.

Dungeon Overview and Level Annotations

Branches:
Dungeon (5/15)
 Temple: D:4-7

Altars:
Gozag
Yredelemnul

Shops:
D:2 *([   D:5 ?


Innate Abilities, Weirdness & Mutations

You are immune to sickness and miasma.
Your stone body is resilient. (AC +6)
You are immune to poison.
You resist negative energy. (rN+)
You are resistant to electric shocks. (rElec)
You are resistant to unholy torment.
You are immune to petrification.


Message History

The yak misses you.
You hit the yak.
The yak is severely wounded.
The yak gores you but does no damage.
You punch the yak!
The yak is almost dead.
The yak closely misses you.
You hit the yak but do no damage.
The yak is almost dead.
The yak gores you!
* * * LOW HITPOINT WARNING * * *
You barely miss the yak.
The yak is almost dead.
The yak completely misses you.
You hit the yak.
You kill the yak!
Your Fighting skill increases to level 9!
Your Unarmed Combat skill increases to level 8!
You punch the yak!
The yak is moderately wounded.
The yak gores you!
* * * LOW HITPOINT WARNING * * *
The yak attacks as you move away! The yak completely misses you.
There is a stone staircase leading up here.
The yak attacks as you move away! The yak gores you.
* * * LOW HITPOINT WARNING * * *
You feel better. The yak barely misses you.
You punch the yak!
The yak is severely wounded.
The yak gores you.
* * * LOW HITPOINT WARNING * * *
You hit the yak.
The yak is severely wounded.
You hit the yak but do no damage.
The yak is severely wounded.
The yak misses you.
You hit the yak but do no damage.
The yak is severely wounded.
The yak gores you!
You die...

..#.O###.......#.......###.....
..#..##....................#...
..........#................# ..
..#.).##..###..............# .
..##...#..#................###
...###.##....##.#)...........#
....#..#....#####............# ..
....#..#........Y<..........###..
##.....##.####..@.........#......
#.........#####.......##.........
##.>..................####.......
##...........#.....#..####......
#.....####.###........[.......Y
....#...# #..##.......###†#.....
...###....###...#......###Y#.....
... #..#>####...#................
...##..#.......##.##.##.....Y....


You could see a yak.

Vanquished Creatures
  Pikel (D:4)
  8 yaks
  3 phantoms
  2 lemures (D:4)
  A centaur zombie (D:3)
  2 hounds (D:4)
  3 iguanas
  A sleepcap (D:5)
  An orc wizard (D:3)
  5 gnolls (D:4)
  6 adders
  A shadow imp (D:4)
  5 worms
  A dart slug (D:2)
  9 orcs
  4 ball pythons
  4 bats
  8 endoplasms
  5 giant cockroaches
  4 goblins
  7 hobgoblins
  5 jackals
  5 kobolds
  4 quokkas
  6 frilled lizards
  A giant cockroach zombie (D:3)
  A jackal zombie (D:3)
  7 rats
110 creatures vanquished.

Notes
Turn   | Place    | Note
-------+----------+-------------------------------------------
     0 | D:1      | fozzywoppz the Gargoyle Monk began the quest for the Orb.
     0 | D:1      | Reached XP level 1. HP: 14/14 MP: 1/1
   207 | D:1      | Reached XP level 2. HP: 19/19 MP: 2/2
   632 | D:1      | Reached XP level 3. HP: 23/23 MP: 3/3
   915 | D:2      | Found a faded altar of an unknown god.
   946 | D:2      | Found Dauzigou's Antique Armour Boutique.
  1071 | D:2      | Found Doushu's Assorted Antiques.
  1147 | D:2      | Reached XP level 4. HP: 27/29 MP: 4/4
  1178 | D:2      | Found Quluac's Antique Weapon Boutique.
  1328 | D:2      | Reached skill level 4 in Fighting
  1445 | D:3      | Found an opulent altar of Gozag.
  1713 | D:3      | Found a basalt altar of Yredelemnul.
  1724 | D:3      | Reached skill level 1 in Armour
  1724 | D:3      | Reached skill level 1 in Shields
  1724 | D:3      | Reached XP level 5. HP: 30/33 MP: 5/5
  1873 | D:3      | Noticed a phantom
  1899 | D:3      | Killed a phantom
  2323 | D:3      | Reached XP level 6. HP: 12/39 MP: 6/6
  2850 | D:4      | Noticed Pikel
  3160 | D:4      | Reached skill level 5 in Fighting
  3340 | D:4      | HP: 1/40 [lemure[Pikel] (4)]
  3566 | D:4      | Reached XP level 7. HP: 31/44 MP: 7/7
  3672 | D:4      | HP: 2/44 [frozen (4)]
  3895 | D:4      | Killed Pikel
  3896 | D:4      | Reached skill level 6 in Fighting
  3896 | D:4      | Reached skill level 5 in Unarmed Combat
  3896 | D:4      | Reached XP level 8. HP: 43/52 MP: 8/8
  4144 | D:5      | Entered Level 5 of the Dungeon
  4144 | D:5      | Noticed a yak
  4144 | D:5      | Noticed a yak
  4145 | D:5      | Noticed a yak
  4198 | D:4      | Upgraded the game from 0.30-a0-867-g305f33218d to
                  | 0.30-a0-870-gc5d4c5acee
  4231 | D:5      | Identified the ring "Dozualu" {rF++ Will+ MP+9 Dex-5
                  | Stlth+}
  4275 | D:5      | Noticed a yak
  4318 | D:4      | Killed a yak
  4319 | D:4      | Reached skill level 5 in Shields
  4514 | D:5      | Noticed a yak
  4514 | D:5      | Noticed a yak
  4514 | D:5      | Noticed a yak
  4514 | D:5      | Noticed a yak
  4514 | D:5      | Noticed a yak
  4574 | D:4      | Reached skill level 7 in Fighting
  4724 | D:5      | Killed a yak
  4740 | D:5      | Killed a yak
  4753 | D:5      | Killed a yak
  4754 | D:5      | Reached skill level 8 in Fighting
  4754 | D:5      | Reached XP level 9. HP: 13/59 MP: 9/9
  4961 | D:5      | Found Poir's Magic Scroll Shoppe.
  5005 | D:5      | Reached skill level 9 in Fighting
  5015 | D:5      | HP: 3/60 [yak (3)]
  5020 | D:5      | Mangled by a yak

Illustrated notes

Levels and vault maps discovered:
D:1:      grunt_arrival_lava_bath, layout_loops_cross
D:2:      layout_loops_ring, basic_ecumenical_altar, serial_shops, shop,
          nicolae_shop_crystal, nicolae_square_shop, hex_medium,
          minmay_distorted
D:3:      layout_loops_cross, nicolae_yredelemnul_corpse_copse,
          nicolae_gozag_seed_capital, serial_co_window_serial,
          co_window_corner_a, co_window_corner_a, co_window_paths_a,
          co_window_corner_a, co_window_paths_a, co_window_paths_b,
          co_window_of_opportunity_a, co_window_paths_b, co_window_paths_a,
          co_window_of_opportunity_b, co_window_corner_b, co_window_corner_ca,
          co_window_4corner_b, co_window_4corner_a, glass_columns_a,
          glass_columns_c, glass_columns_c, glass_columns_b, glass_columns_a
D:4:      minmay_chambers_of_twos, layout_rooms, uniq_pikel
D:5:      layout_cave_pools, serial_shops, nicolae_inconvenience_store

Skill      XL: |  1  2  3  4  5  6  7  8  9 |
---------------+----------------------------+-----
Stealth        | 3 |  3.0
Fighting       | 4 5 6 8 9 |  9.0
Dodging        | 3 |  3.0
Armour         | 1 2 |  2.0
Shields        | 1 3 4 5 |  5.0
Unarmed Combat | 4 5 7 8 |  8.1

Action                     |  1- 3 |  4- 6 |  7- 9 || total
---------------------------+-------+-------+-------++-------
  Melee: Unarmed           |   139 |   348 |   221 ||   708
         Punch             |     2 |       |       ||     2
  Throw: Javelin           |       |       |     3 ||     3
         Throwing net      |       |       |     1 ||     1
    Use: Potion            |       |     1 |     6 ||     7
         Scroll            |       |     2 |     5 ||     7
   Stab: Sleeping          |     8 |     3 |     1 ||    12
         Held in net/web   |       |       |     1 ||     1
 Armour: Robe              |    25 |       |    20 ||    45
         Leather armour    |    25 |   114 |    23 ||   162
         Skin              |       |       |     6 ||     6
  Dodge: Dodged            |    67 |   179 |    93 ||   339
  Block: Buckler           |       |    66 |    42 ||   108

Table legend: (Time is in decaauts)
 A = Elapsed time spent in this place.
 B = Non-inter-level travel time spent in this place.
 C = Inter-level travel time spent in this place.
 D = Time resting spent in this place.
 E = Time spent auto-exploring this place.
 F = Levels seen in this place.
 G = Mean time per level.
                   A        B        C        D        E       F      G
               +--------+--------+--------+--------+--------+-----+--------+
         Total |   4988 |   4747 |    241 |    623 |   2136 |   5 |  997.6 |
       Dungeon |   4988 |   4747 |    241 |    623 |   2136 |   5 |  997.6 |
               +--------+--------+--------+--------+--------+-----+--------+

Top non-repeatable levels by time:
     D:4: 1538 daAuts
     D:3: 1438 daAuts
     D:2: 719 daAuts
     D:1: 709 daAuts
     D:5: 582 daAuts
